 Dungeon Crawl Stone Soup version 0.31-a0-675-g238779eb0a (webtiles) character file.

Game seed: 16845422017676663266

2738 pokeman the Thaumaturge (level 9, 0/50 HPs)
             Began as a Deep Elf Hedge Wizard on Sept 5, 2023.
             Slain by a two-headed ogre
             ... wielding a +0 dire flail
              (20 damage)
             ... on level 6 of the Dungeon.
             The game lasted 00:18:08 (7320 turns).

pokeman the Thaumaturge (Deep Elf Hedge Wizard)     Turns: 7320, Time: 00:18:08

Health: 0/50       AC:  2    Str:  7    XL:     9   Next: 40%
Magic:  14/36      EV: 13    Int: 24    God:
Gold:   269        SH:  0    Dex: 14    Spells: 24/32 levels left

rFire   . . .        z - +2 falchion of Massacring {elec, SInv}
rCold   . . .        (no shield)
rNeg    + + .        B - +0 robe {rN+}
rPois   .            c - +0 hat
rElec   .            (no cloak)
rCorr   .            (no gloves)
SInv    +            (no boots)
Will    .....        (no amulet)
Stlth   ++           e - ring of positive energy
HPRegen 0.28/turn    v - ring of magical power
MPRegen 0.25/turn

%: no passive effects
@: no status effects
A: no striking features
a: no special abilities


You were on level 6 of the Dungeon.
You visited 1 branch of the dungeon, and saw 6 of its levels.

You collected 269 gold pieces.

Inventory:

Hand Weapons
 z - the +2 falchion of Massacring (weapon) {elec, SInv}
   (You found it on level 4 of the Dungeon)

   SInv:      It lets you see invisible.
Missiles
 A - 2 throwing nets
Armour
 c - a +0 hat (worn)
 t - an orb of mayhem
 B - a +0 robe of positive energy (worn)
Jewellery
 e - a ring of positive energy (left hand)
 v - a ring of magical power (right hand)
Wands
 u - a wand of acid (6)
 y - a wand of iceblast (11)
Scrolls
 a - a scroll of vulnerability {unknown}
 b - a scroll of fog {unknown}
 i - 4 scrolls of identify {unknown}
 j - 2 scrolls of revelation {unknown}
 k - 3 scrolls of teleportation {unknown}
 l - a scroll of noise {unknown}
 n - a scroll of amnesia {unknown}
 o - a scroll of fear {unknown}
 q - a scroll of enchant armour {unknown}
 w - a scroll of poison {unknown}
Potions
 d - a potion of magic
 h - a potion of degeneration {unknown}
 m - a potion of curing {unknown}
 p - a potion of ambrosia {unknown}
 r - 2 potions of haste
 s - a potion of lignification {unknown}
 x - a potion of enlightenment {unknown}
 C - 2 potions of might {unknown}


   Skills:
 - Level 3.0 Fighting
 - Level 3.0 Armour
 - Level 3.0 Dodging
 - Level 3.0 Stealth
 + Level 2.0 Shields
 * Level 12.2 Spellcasting
 + Level 6.9 Conjurations
 - Level 1.1 Summonings
 - Level 1.1 Translocations
 - Level 1.0 Air Magic
 - Level 1.2 Poison Magic
 - Level 1.0 Evocations


You had 24 spell levels left.
You knew the following spells:

 Your Spells              Type           Power      Damage    Failure   Level
a - Magic Dart            Conj           100%       1d8       1%          1
b - Mephitic Cloud        Conj/Pois/Air  29%        N/A       3%          3
c - Call Imp              Summ           40%        N/A       4%          2
d - Blink                 Tloc           40%        N/A       4%          2

Your spell library contained the following spells:

 Spells                   Type           Power      Damage    Failure   Level
 Slow                     Hex            56%        N/A       4%          1
 Cigotuvi's Dreadful Rot  Necr/Pois/Air  36%        N/A       4%          2


Dungeon Overview and Level Annotations

Branches:
Dungeon (6/15)
 Temple: D:4-7

Altars:
Okawaru
Zin


Message History

The arrow hits you!
You start resting.
A two-headed ogre is nearby!
Casting: Magic Dart (safe; 1% risk of failure)
Confirm with . or Enter, or press ? or * to list all spells.
Aiming: Mephitic Cloud (dangerous; 3% risk of failure)
Press: ? - help, Shift-Dir - straight line, f/p - two-headed ogre
Aim: a two-headed ogre, wielding two +0 dire flails (severely wounded, chance to affect: 53%)
The ball explodes into a vile cloud!
The stinking cloud engulfs the two-headed ogre but does no damage.
The two-headed ogre is severely wounded.
The two-headed ogre is engulfed in noxious fumes.
The two-headed ogre appears confused.
Unknown command.
The two-headed ogre is engulfed in noxious fumes.
Casting: Mephitic Cloud (dangerous; 3% risk of failure)
Confirm with . or Enter, or press ? or * to list all spells.
Aiming: Magic Dart (safe; 1% risk of failure)
Press: ? - help, Shift-Dir - straight line, f/p - two-headed ogre
Aim: a two-headed ogre, wielding two +0 dire flails (heavily wounded, confused, 100% to hit)
The magic dart hits the two-headed ogre but does no damage.
The two-headed ogre is heavily wounded.
Unknown command.
The two-headed ogre seems less confused.
Casting: Magic Dart (safe; 1% risk of failure)
Confirm with . or Enter, or press ? or * to list all spells.
Aiming: Mephitic Cloud (dangerous; 3% risk of failure)
Press: ? - help, Shift-Dir - straight line, f/p - two-headed ogre
Aim: a two-headed ogre, wielding two +0 dire flails (heavily wounded, chance to affect: 53%)
The ball explodes into a vile cloud!
The stinking cloud engulfs the two-headed ogre but does no damage.
The two-headed ogre is heavily wounded.
You hear a shout! x4
The two-headed ogre is engulfed in noxious fumes.
The two-headed ogre appears confused.
Unknown command.
You hit the two-headed ogre.
The two-headed ogre is severely wounded.
The two-headed ogre hits you with a +0 dire flail!!
You die...

#.....O..).# #....##.#.#
#.##.#.#.#.# #.#.......# #
#.#.#.# #.......###
..#.#.# ###...###
.###c#.### #...# .
#......# #...# . #
#...#.#.#####...#########.
#..##.#○†.................
#.. #.○○O@................
#. ###§..............###.
# #.#####...#####.##..
...# #...# #.##.. #####
#...# #.##.. .....# #.....
P.....# #.##.. ...#
#####.##.. ....#.####


You could see a two-headed ogre (confused).

Vanquished Creatures
  2 water moccasins (D:6)
  A black bear (D:5)
  An ice beast (D:5)
  3 ogres
  A centaur (D:6)
  2 phantoms
  6 scorpions
  A wyvern zombie (D:6)
  A gnoll sergeant (D:4)
  A water moccasin skeleton (D:6)
  2 bullfrog zombies (D:6)
  2 centaur zombies (D:6)
  3 jellies
  3 orc priests
  9 hounds
  A sleepcap (D:5)
  4 iguanas
  7 orc wizards
  2 killer bee zombies (D:6)
  11 gnolls
  9 adders
  2 shadow imps
  2 ufetubi (D:5)
  A worm (D:5)
  2 dart slugs
  16 orcs
  10 ball pythons
  6 endoplasms
  3 giant cockroaches
  12 goblins
  9 hobgoblins
  7 jackals
  3 kobolds
  2 quokkas
  6 bats
  7 frilled lizards
  2 rats
162 creatures vanquished.

Vanquished Creatures (collateral kills)
  A scorpion (D:6)
  A bullfrog zombie (D:6)
2 creatures vanquished.

Grand Total: 164 creatures vanquished

Notes
Turn   | Place    | Note
-------+----------+-------------------------------------------
     0 | D:1      | pokeman the Deep Elf Hedge Wizard began the quest for the
                  | Orb.
     0 | D:1      | Reached XP level 1. HP: 10/10 MP: 7/7
   316 | D:1      | Reached XP level 2. HP: 15/15 MP: 5/9
   734 | D:1      | Reached skill level 5 in Spellcasting
   942 | D:1      | Reached XP level 3. HP: 20/20 MP: 8/11
   946 | D:1      | Learned a level 3 spell: Mephitic Cloud
   949 | D:1      | Learned a level 2 spell: Call Imp
   952 | D:1      | Learned a level 2 spell: Blink
  1725 | D:2      | Reached skill level 1 in Armour
  1839 | D:2      | Found a faded altar of an unknown god.
  2024 | D:2      | Reached skill level 1 in Fighting
  2402 | D:2      | Reached XP level 4. HP: 25/25 MP: 2/13
  3060 | D:3      | Reached skill level 6 in Spellcasting
  3060 | D:3      | Reached XP level 5. HP: 18/29 MP: 9/15
  3106 | D:3      | Found an iron altar of Okawaru.
  4010 | D:3      | Reached skill level 1 in Shields
  4010 | D:3      | Reached XP level 6. HP: 11/34 MP: 14/17
  4138 | D:4      | Reached skill level 1 in Evocations
  4141 | D:4      | Reached skill level 7 in Spellcasting
  4306 | D:4      | Reached skill level 1 in Air Magic
  4306 | D:4      | Reached skill level 1 in Poison Magic
  4368 | D:4      | Identified the +2 falchion of Massacring {elec, SInv}
  4470 | D:4      | Reached XP level 7. HP: 14/39 MP: 20/20
  4601 | D:4      | Reached skill level 8 in Spellcasting
  5149 | D:4      | HP: 2/40 [poisoned by a scorpion]
  5368 | D:4      | Found a glowing silver altar of Zin.
  5429 | D:5      | Entered Level 5 of the Dungeon
  5463 | D:5      | Reached skill level 9 in Spellcasting
  5481 | D:5      | Reached XP level 8. HP: 33/44 MP: 18/23
  5626 | D:5      | Reached skill level 5 in Conjurations
  5668 | D:5      | Reached skill level 10 in Spellcasting
  6514 | D:6      | Reached skill level 11 in Spellcasting
  6547 | D:6      | Reached XP level 9. HP: 12/49 MP: 18/26
  6781 | D:6      | Noticed a two-headed ogre
  7091 | D:6      | Reached skill level 12 in Spellcasting
  7301 | D:6      | Identified the +3 robe of the Burning God {rC- Int+7 SInv}
  7320 | D:6      | Slain by a two-headed ogre

Illustrated notes

Levels and vault maps discovered:
D:1:      scummos_arrival_hexagon, layout_basic, minmay_3d_cube
D:2:      layout_loops_ring, hellmonk_ecumenical_altar_zigzags,
          minmay_quadrilaterals
D:3:      layout_loops_ring, marbit_many_paths, minmay_misc_feat_room
D:4:      kennysheep_six_static_rooms, layout_rooms, zin_academy
D:5:      layout_rooms, grunt_tough_drop
D:6:      layout_loops_cross, serial_undead, serial_undead_e, serial_undead_f,
          serial_undead_e, serial_undead_d, serial_undead_c, serial_undead_b,
          minmay_hollow_rounded_squares

Skill      XL: |  1  2  3  4  5  6  7  8  9 |
---------------+----------------------------+-----
Spellcasting   | 5 6 7 9 11 12 | 12.2
Armour         | 1 2 3 |  3.0
Conjurations   | 2 3 4 6 |  6.9
Fighting       | 1 2 3 |  3.0
Dodging        | 3 |  3.0
Stealth        | 3 |  3.0
Shields        | 1 2 |  2.0
Evocations     | 1 |  1.0
Air Magic      | 1 |  1.0
Poison Magic   | 1 |  1.2
Summonings     | |  1.1
Translocations | |  1.1

Action                     |  1- 3 |  4- 6 |  7- 9 || total
---------------------------+-------+-------+-------++-------
  Melee: Short sword       |     7 |    61 |       ||    68
         Falchion          |       |     3 |   104 ||   107
         Punch             |       |     1 |     3 ||     4
   Cast: Magic Dart        |   107 |    84 |   221 ||   412
         Mephitic Cloud    |     3 |    11 |    27 ||    41
         Blink             |       |     2 |     5 ||     7
         Call Imp          |       |       |    10 ||    10
  Evoke: Wand              |       |       |     2 ||     2
    Use: Potion            |       |       |     3 ||     3
   Stab: Confused          |     2 |     8 |     8 ||    18
         Sleeping          |       |     1 |       ||     1
         Distracted        |       |       |     2 ||     2
 Armour: Robe              |    17 |    41 |   109 ||   167
  Dodge: Dodged            |    13 |    44 |   114 ||   171

Table legend: (Time is in decaauts)
 A = Elapsed time spent in this place.
 B = Non-inter-level travel time spent in this place.
 C = Inter-level travel time spent in this place.
 D = Time resting spent in this place.
 E = Time spent auto-exploring this place.
 F = Levels seen in this place.
 G = Mean time per level.
                   A        B        C        D        E       F      G
               +--------+--------+--------+--------+--------+-----+--------+
         Total |   7351 |   7176 |    175 |    553 |   5460 |   6 | 1225.2 |
       Dungeon |   7351 |   7176 |    175 |    553 |   5460 |   6 | 1225.2 |
               +--------+--------+--------+--------+--------+-----+--------+

Top non-repeatable levels by time:
     D:1: 1582 daAuts
     D:3: 1362 daAuts
     D:4: 1330 daAuts
     D:2: 1157 daAuts
     D:5: 1025 daAuts
     D:6: 892 daAuts
